 Dungeon Crawl Stone Soup version 0.31-a0-40-g1d5085d191 (webtiles) character file.

Game seed: 14445608408878522284

23 frost775 the Conjurer (level 2, 0/20 HPs)
             Began as a Draconian Conjurer on May 17, 2023.
             Succumbed to an adder's poison
             ... on level 3 of the Dungeon.
             The game lasted 00:12:17 (512 turns).

frost775 the Conjurer (Draconian Conjurer)           Turns: 512, Time: 00:12:18

Health: 0/20       AC:  4    Str:  9    XL:     2   Next: 75%
Magic:  4/5        EV: 12    Int: 18    God:
Gold:   11         SH:  0    Dex:  9    Spells: 4/5 levels left

rFire   . . .        c - +1 whip
rCold   . . .        (no shield)
rNeg    . . .        (body armour unavailable)
rPois   .            (helmet restricted)
rElec   .            (no cloak)
rCorr   .            (no gloves)
SInv    .            (no boots)
Will    .....        (no amulet)
Stlth   ++           (no ring)
HPRegen 0.23/turn    (no ring)
MPRegen 0.09/turn

%: no passive effects
@: lethally poisoned (0 -> -6)
A: AC +4, unfitting armour, cold-blooded
a: no special abilities


You were on level 3 of the Dungeon.
You visited 1 branch of the dungeon, and saw 3 of its levels.

You collected 11 gold pieces.

Inventory:

Hand Weapons
 c - a +1 whip (weapon)
 f - a +0 short sword
Missiles
 b - 5 stones
Potions
 a - a potion of magic
 d - a potion of curing {unknown}
 e - a potion of attraction {unknown}


   Skills:
 + Level 0.1 Maces & Flails
 + Level 2.0 Dodging
 + Level 2.0 Stealth
 + Level 2.3 Spellcasting
 + Level 4.4 Conjurations


You had 4 spell levels left.
You knew the following spells:

 Your Spells              Type           Power      Damage    Failure   Level
a - Magic Dart            Conj           72%        1d6       2%          1

Your spell library contained the following spells:

 Spells                   Type           Power      Damage    Failure   Level
 Searing Ray              Conj           36%        2d5       4%          2
 Dazzling Flash           Conj/Hex       20%        N/A       22%         3
 Hailstorm                Conj/Ice       10%        3d5       22%         3
 Fulminant Prism          Conj/Hex       5%         3d6       56%         4
 Iskenderun's Mystic Bla  Conj/Tloc      10%        2d4       56%         4
 Ice Form                 Ice/Tmut       2%         N/A       87%         4
 Simulacrum               Ice/Necr       1%         N/A       100%        6


Dungeon Overview and Level Annotations

Branches:
Dungeon (3/15)

Altars:


Innate Abilities, Weirdness & Mutations

Your plain brown scales are hard. (AC +4)
You cannot fit into any form of body armour.
You are cold-blooded and may be slowed by cold attacks.


Message History

The adder closely misses you.
You barely miss the adder.
The adder is lightly wounded.
The adder bites you.
You are poisoned.
The adder poisons you! The adder bites you.
You miss the adder.
Your tail-slap misses the adder.
The adder is lightly wounded.
You feel sick. The adder misses you.
You hit the adder.
Your tail-slap misses the adder.
The adder is severely wounded.
You feel sick. The adder closely misses you. The endoplasm barely misses you.
The adder closely misses you.
Aiming: Magic Dart (safe; 3% risk of failure)
Press: ? - help, Q - select action, (/) - cycle Shift-Dir - straight line, f - endoplasm, p - adder
Aim: an endoplasm (100% to hit)
The magic dart hits the endoplasm.
You kill the endoplasm!
You feel sick. The adder bites you.
You are more poisoned.
The adder poisons you!
You closely miss the adder.
The adder is heavily wounded.
You feel sick. The adder bites you.
You are lethally poisoned!
The adder poisons you!
You miss the adder. You tail-slap the adder.
The adder is almost dead.
* * * LOW HITPOINT WARNING * * *
You feel very sick. The adder closely misses you. The adder misses you.
You hit the adder.
You kill the adder!
* * * LOW HITPOINT WARNING * * *
You feel very sick.
Your Dodging skill increases to level 2!
Your Stealth skill increases to level 2!
* * * LOW HITPOINT WARNING * * *
You feel sick.
You die...

.. ..## #. ... ..
... .# #.# ..#
.### #.##..#
.....####.....#
.......@...#..#
.##...........#
#....##.##.##
#....##.##.####
................
.......##.##.....
####.## #.# ####
#. #.# #.#


There were no monsters in sight!

Vanquished Creatures
  An adder (D:3)
  3 endoplasms
  A hobgoblin (D:1)
  2 kobolds
  2 ball pythons
  2 bats
  A frilled lizard (D:1)
  2 rats (D:1)
14 creatures vanquished.

Notes
Turn   | Place    | Note
-------+----------+-------------------------------------------
     0 | D:1      | frost775 the Draconian Conjurer began the quest for the
                  | Orb.
     0 | D:1      | Reached XP level 1. HP: 14/14 MP: 3/3
   352 | D:2      | Reached XP level 2. HP: 20/20 MP: 0/5
   511 | D:3      | HP: 1/20 [poisoned by an adder]
   512 | D:3      | Succumbed to an adder's poison

Illustrated notes

Levels and vault maps discovered:
D:1:      wheals_arrival_linesprint, layout_basic
D:2:      minmay_spotlight, layout_basic, serial_shops, shop_coins
D:3:      layout_basic, serial_shops, nicolae_diamond_shop, shop, shop, shop,
          uniq_grinder, uniq_ijyb, uniq_natasha

Skill      XL: |  1  2 |
---------------+-------+-----
Dodging        | 2 |  2.0
Stealth        | 2 |  2.0
Maces & Flails | |  0.1
Spellcasting   | |  2.3
Conjurations   | |  4.4

Action                     || total
---------------------------++-------
  Melee: Unarmed           ||    20
         Whip              ||    31
         Tailslap          ||     5
   Cast: Magic Dart        ||    16
    Use: Scroll            ||     2
         Potion            ||     1
 Armour: Skin              ||    19
  Dodge: Dodged            ||    46

Table legend: (Time is in decaauts)
 A = Elapsed time spent in this place.
 B = Non-inter-level travel time spent in this place.
 C = Inter-level travel time spent in this place.
 D = Time resting spent in this place.
 E = Time spent auto-exploring this place.
 F = Levels seen in this place.
 G = Mean time per level.
                   A        B        C        D        E       F      G
               +--------+--------+--------+--------+--------+-----+--------+
         Total |    514 |    197 |    317 |      0 |      0 |   3 |  171.3 |
       Dungeon |    514 |    197 |    317 |      0 |      0 |   3 |  171.3 |
               +--------+--------+--------+--------+--------+-----+--------+

Top non-repeatable levels by time:
     D:1: 325 daAuts
     D:2: 156 daAuts
     D:3: 31 daAuts
